 Dungeon Crawl Stone Soup version 0.26-a0-812-g31a745ddcd (webtiles) character file.

Game seed: 10554338375357686578

2801 kae the Cleaver (level 9, -3/79 HPs)
             Began as a Hill Orc Abyssal Knight on Dec 10, 2020.
             Was a Priest of Lugonu.
             Slain by a yak (15 damage)
             ... on level 7 of the Dungeon.
             The game lasted 00:07:14 (11255 turns).

kae the Cleaver (Hill Orc Abyssal Knight)          Turns: 11255, Time: 00:07:14

Health: -3/79      AC:  7    Str: 18    XL:     9   Next: 71%
Magic:  14/14      EV:  9    Int: 12    God:    Lugonu [***...]
Gold:   418        SH: 11    Dex: 10    Spells: 8/8 levels left

rFire    . . .     SeeInvis .   i - +2 war axe (vorpal)
rCold    . . .     Faith    .   c - +2 kite shield
rNeg     . . .     Spirit   .   s - +0 ring mail
rPois    .         Reflect  .   (no helmet)
rElec    .         Harm     .   (no cloak)
rCorr    +         Rampage  .   d - +0 pair of gloves
MR       .....                  (no boots)
Stlth    ..........             (no amulet)
HPRegen  0.23/turn              h - ring of attention (curse)
MPRegen  0.14/turn              p - ring of resist corrosion

@: no status effects
A: no striking features
a: Depart the Abyss, Bend Space, Banish, Renounce Religion


You were on level 7 of the Dungeon.
You worshipped Lugonu.
Lugonu was most pleased with you.
You visited 1 branch of the dungeon, and saw 7 of its levels.
You visited the Abyss 1 time.

You collected 418 gold pieces.

Inventory:

Hand Weapons
 a - a +2 hand axe
 i - a +2 vorpal war axe (weapon)
Armour
 b - a +0 leather armour
 c - a +2 kite shield (worn)
 d - a +0 pair of gloves (worn)
 s - a +0 ring mail (worn)
Jewellery
 h - a cursed ring of attention (left hand)
 k - an uncursed amulet of guardian spirit {unknown}
 p - a ring of resist corrosion (right hand)
 t - an uncursed ring of protection from cold
Wands
 e - a wand of polymorph (9)
 r - a wand of flame (4)
Scrolls
 f - a scroll of enchant armour
 g - a scroll of enchant weapon
 n - 2 scrolls of remove curse
 q - 3 scrolls of amnesia
 x - a scroll of teleportation
 y - a scroll of fear
 B - a scroll of vulnerability {unknown}
Potions
 j - 3 potions of flight
 l - 3 potions of ambrosia
 m - a potion of attraction
 o - 3 potions of haste
 u - 4 potions of heal wounds
 v - 2 potions of might
 w - a potion of lignification
 z - 2 potions of cancellation
 A - a potion of curing


   Skills:
 + Level 7.2 Fighting
 * Level 10.2 Axes
 + Level 6.2 Armour
 - Level 0.8 Dodging
 + Level 5.6 Shields
 + Level 7.3 Invocations


You had 8 spell levels left.
You didn't know any spells.
Your spell library was empty.

Dungeon Overview and Level Annotations

Branches:
Dungeon (7/15)             Temple (0/1) D:6

Altars:
Dithmenos
Fedhas
Gozag
Trog
Xom

Shops:
D:6 *:

Annotations:
D:6 1 runed translucent door, Crazy Yiuf


Message History

You hit the yak but do no damage.
The yak is heavily wounded.
The yak gores you.
You slash the yak!
The yak is almost dead.
You block the yak's attack.
You completely miss the yak.
The yak is almost dead.
The yak gores you!
You slash the yak!
The yak is moderately wounded.
The yak gores you!
You hit the yak.
The yak is moderately wounded.
The yak gores you!
* * * LOW HITPOINT WARNING * * *
You hit the yak.
The yak is heavily wounded.
The yak gores you!
You die...

###### .....# .K .....# ###
.# ###### ..# O# #.# K# #####
#.# B# #########...# #.# .#
............# #####.##)####.#
###...####.)###.@YY..(.......
#.#.# #......##Y()#.####.#
###.#.#####.#####Y#.#..#
.<).#....##.# ...........
.#######.##.# ###.#.#..$....
....#....##.# ##...#######
###.#.#####.. ..# #<#.# ###
#### #...#######.


You could see 3 yaks.

Vanquished Creatures
  Pikel (D:2)
  A yak (D:7)
  Menkaure (D:6)
  Edmund (D:5)
  2 ice beasts
  5 ogres
  2 centaurs
  4 lemures
  A big kobold (D:6)
  2 bullfrogs
  Blork the orc (D:4)
  A scorpion (D:7)
  2 wights
  A jelly (D:7)
  3 orc wizards
  3 orc priests
  2 hounds
  Ijyb (D:2)
  Terence (D:2)
  An iguana (D:5)
  4 worker ants
  A howler monkey skeleton (D:6)
  12 gnolls
  6 adders
  An ufetubus (D:5)
  2 adder zombies
  A worm (D:4)
  4 leopard geckos
  21 orcs
  2 ball pythons
  3 giant cockroaches
  3 goblins
  3 hobgoblins
  9 jackals
  3 quokkas
  3 bats
  2 frilled lizards
  9 kobolds
  A leopard gecko zombie (D:7)
  5 rats
131 creatures vanquished.

Vanquished Creatures (others)
  4 plants (D:6)
4 creatures vanquished.

Grand Total: 135 creatures vanquished

Notes
Turn   | Place    | Note
-------+----------+-------------------------------------------
     0 | Abyss:1  | kae the Hill Orc Abyssal Knight began the quest for the
                  | Orb.
     0 | Abyss:1  | Reached XP level 1. HP: 19/19 MP: 2/2
    40 | Abyss:1  | Noticed a crimson imp
    97 | Abyss:1  | Noticed a blink frog
   100 | D:1      | Escaped the Abyss
   796 | D:1      | Reached skill level 3 in Axes
   927 | D:1      | Reached XP level 2. HP: 26/27 MP: 3/3
  1091 | D:2      | Noticed Terence
  1111 | D:2      | Killed Terence
  1111 | D:2      | Reached skill level 1 in Shields
  1111 | D:2      | Reached XP level 3. HP: 13/33 MP: 3/5
  1524 | D:2      | Found a bloodstained altar of Trog.
  1760 | D:2      | Found a blossoming altar of Fedhas.
  1764 | D:2      | Found a shadowy altar of Dithmenos.
  1769 | D:2      | Found a shimmering altar of Xom.
  2059 | D:3      | Noticed Ijyb
  2320 | D:2      | Found a bloodstained altar of Trog.
  2888 | D:2      | Killed Ijyb
  2888 | D:2      | Reached skill level 4 in Axes
  2888 | D:2      | Reached XP level 4. HP: 40/40 MP: 6/6
  3017 | D:2      | Found a blossoming altar of Fedhas.
  3021 | D:2      | Found a shadowy altar of Dithmenos.
  3026 | D:2      | Found a shimmering altar of Xom.
  3419 | D:2      | Reached * piety under Lugonu
  3543 | D:3      | Noticed an ogre
  3552 | D:3      | Killed an ogre
  3552 | D:3      | Reached XP level 5. HP: 47/47 MP: 7/7
  3692 | D:3      | Reached skill level 5 in Axes
  3779 | D:3      | Found an opulent altar of Gozag.
  3909 | D:3      | Reached XP level 6. HP: 36/53 MP: 8/8
  4443 | D:4      | Noticed Pikel
  5885 | D:4      | Noticed Blork the orc
  6018 | D:4      | Reached skill level 5 in Fighting
  6018 | D:4      | Reached skill level 6 in Axes
  6018 | D:4      | Reached XP level 7. HP: 54/61 MP: 10/10
  6247 | D:4      | Reached ** piety under Lugonu
  6317 | D:5      | Entered Level 5 of the Dungeon
  6704 | D:5      | Reached skill level 5 in Invocations
  6770 | D:5      | Noticed Edmund
  6795 | D:5      | Killed Edmund
  6795 | D:5      | Reached skill level 7 in Axes
  7111 | D:5      | Reached XP level 8. HP: 62/69 MP: 11/11
  7653 | D:4      | Killed Blork the orc
  8150 | D:2      | Killed Pikel
  8150 | D:2      | Reached skill level 8 in Axes
  8150 | D:2      | Reached skill level 5 in Armour
  8437 | D:2      | Found a bloodstained altar of Trog.
  8793 | D:2      | Found a blossoming altar of Fedhas.
  8797 | D:2      | Found a shadowy altar of Dithmenos.
  8802 | D:2      | Found a shimmering altar of Xom.
  8956 | D:6      | Noticed Menkaure
  9209 | D:6      | Killed Menkaure
  9381 | D:6      | Found a staircase to the Ecumenical Temple.
  9444 | D:6      | Reached XP level 9. HP: 18/78 MP: 13/13
  9706 | D:6      | Found Zeahitz's Book Boutique.
  9740 | D:6      | Found a runed translucent door.
  9741 | D:6      | Noticed Crazy Yiuf
  9860 | D:6      | Found Apunit's General Store.
  9902 | D:6      | Reached skill level 9 in Axes
 10388 | D:7      | Reached skill level 5 in Shields
 10578 | D:7      | Reached *** piety under Lugonu
 11049 | D:7      | Reached skill level 10 in Axes
 11255 | D:7      | Slain by a yak

Illustrated notes

Levels and vault maps discovered:
D:1:      moated_graveyard_arrival, layout_rooms, minmay_strange_pillars
D:2:      layout_loops_corners, lemuel_crystal_altar,
          minmay_overflow_temple_star_quad, minmay_liquid_box,
          hangedman_glass_teeth, uniq_terence
D:3:      layout_rooms, lemuel_altar_in_water, uniq_ijyb
D:4:      layout_basic, uniq_pikel, uniq_blork_the_orc
D:5:      layout_cave_pools, kennysheep_generic_room_12, uniq_edmund
D:6:      layout_cave_pools, minmay_temple_entry_gardened_gates, serial_shops,
          shop, nicolae_shop_temple_entry_statues_fountains,
          uniq_crazy_yiuf_cottage, uniq_menkaure
D:7:      layout_loops_ring, grunt_temple_overflow_opulence, sword_in_stone

Skill      XL: |  1  2  3  4  5  6  7  8  9 |
---------------+----------------------------+-----
Axes           | 3 4 5 6 7 8 10 | 10.2
Shields        | 1 2 3 4 5 |  5.6
Fighting       | 4 5 6 7 |  7.2
Invocations    | 3 4 5 6 7 |  7.3
Armour         | 3 4 5 6 |  6.2
Dodging        | |  0.8

Action                   |  1- 3 |  4- 6 |  7- 9 || total
-------------------------+-------+-------+-------++-------
Melee: Hand axe          |    83 |   241 |    95 ||   419
       War axe           |       |       |   164 ||   164
Invok: Depart the Abyss  |     1 |       |       ||     1
       Bend Space        |       |       |     2 ||     2
       Banish            |       |       |     1 ||     1
Evoke: Wand              |       |       |     8 ||     8
  Use: Scroll            |     8 |     1 |     7 ||    16
       Potion            |       |     1 |     2 ||     3
Armor: Leather armour    |    14 |    33 |       ||    47
       Skin              |     3 |       |       ||     3
       Ring mail         |       |    39 |    45 ||    84
Dodge: Dodged            |    24 |    93 |    70 ||   187
Block: Kite shield       |    46 |   141 |   136 ||   323

Table legend: (Time is in decaauts)
 A = Elapsed time spent in this place.
 B = Non-inter-level travel time spent in this place.
 C = Inter-level travel time spent in this place.
 D = Time resting spent in this place.
 E = Time spent auto-exploring this place.
 F = Levels seen in this place.
 G = Mean time per level.
                   A        B        C        D        E       F      G
               +--------+--------+--------+--------+--------+-----+--------+
         Total |  11348 |  10923 |    425 |   2954 |   6507 |   8 | 1418.5 |
       Dungeon |  11247 |  10822 |    425 |   2954 |   6458 |   7 | 1606.7 |
         Abyss |    100 |    100 |      0 |      0 |     49 |   1 |  100.0 |
               +--------+--------+--------+--------+--------+-----+--------+

Top non-repeatable levels by time:
     D:2: 3621 daAuts
     D:4: 1887 daAuts
     D:6: 1590 daAuts
     D:5: 1339 daAuts
     D:1: 1206 daAuts
     D:3: 1088 daAuts
     D:7: 513 daAuts
 Abyss:1: 100 daAuts
